 Dungeon Crawl Stone Soup version 0.30-a0-634-g8abc85282e (webtiles) character file.

Game seed: 17854992197929590558

4 ryw the Caller (level 1, 0/14 HPs)
             Began as a Demigod Summoner on Jan 15, 2023.
             Slain by a quokka (4 damage)
             ... on level 1 of the Dungeon.
             The game lasted 00:00:37 (123 turns).

ryw the Caller (Demigod Summoner)                    Turns: 123, Time: 00:00:38

Health: 0/14       AC:  2    Str:  9    XL:     1   Next: 46%
Magic:  4/5        EV: 12    Int: 17    God:
Gold:   11         SH:  0    Dex: 14    Spells: 3/4 levels left

rFire   . . .      SeeInvis .    e - +0 dagger
rCold   . . .      Faith    .    (no shield)
rNeg    . . .      Spirit   .    a - +0 robe
rPois   .          Reflect  .    (no helmet)
rElec   .          Harm     .    (no cloak)
rCorr   .          Rampage  .    (no gloves)
Will    .....                    (no boots)
Stlth   ++                       (no amulet)
HPRegen 0.22/turn                (no ring)
MPRegen 0.09/turn                (no ring)

@: no status effects
A: high MP 1, forlorn, divine attributes
a: no special abilities


You were on level 1 of the Dungeon.
You visited 1 branch of the dungeon, and saw 1 of its levels.

You collected 11 gold pieces.

Inventory:

Hand Weapons
 e - a +0 dagger (weapon)
Armour
 a - a +0 robe (worn)
Scrolls
 c - a scroll of teleportation {unknown}
 d - a scroll of enchant weapon {unknown}
Potions
 b - a potion of magic


   Skills:
 - Level 1.7 Dodging
 - Level 1.7 Stealth
 - Level 2.0 Spellcasting
 + Level 3.7 Summonings


You had 3 spell levels left.
You knew the following spells:

 Your Spells              Type           Power      Damage    Failure   Level
a - Summon Small Mammal   Summ           56%        N/A       4%          1

Your spell library contained the following spells:

 Spells                   Type           Power      Damage    Failure   Level
 Call Imp                 Summ           14%        N/A       6%          2
 Call Canine Familiar     Summ           14%        N/A       12%         3
 Summon Guardian Golem    Hex/Summ       8%         N/A       26%         3
 Summon Lightning Spire   Summ/Air       8%         N/A       65%         4


Dungeon Overview and Level Annotations

Branches:
Dungeon (1/15)


Innate Abilities, Weirdness & Mutations

You have an increased reservoir of magic. (+10% MP)
You shall have no god before yourself.
Your divine heritage dramatically boosts your attributes as you level up.


Message History

Casting: Summon Small Mammal (safe; 4% risk of failure)
Confirm with . or Enter, or press ? or * to list all spells.
A giant cockroach comes into view.
Your quokka bites the kobold.
The kobold dies!
A quokka and a kobold come into view.
The quokka twitches its whiskers.
You see here a +0 dagger.
e - a +0 dagger
e - a +0 dagger (weapon)
Your quokka closely misses the giant cockroach.
You swap places.
A kobold comes into view. It is wielding a +0 dagger.
Your quokka closely misses the giant cockroach.
The giant cockroach bites you.
You hit the giant cockroach but do no damage.
Your quokka barely misses the giant cockroach. x2
The giant cockroach closely misses you.
You barely miss the giant cockroach. Your punch misses the giant cockroach.
Your quokka barely misses the giant cockroach.
Your quokka closely misses the giant cockroach.
The quokka bites you. The giant cockroach bites you.
Your quokka bites the giant cockroach.
You hit the giant cockroach.
The giant cockroach is severely wounded.
Your quokka barely misses the giant cockroach.
The quokka closely misses you.
The giant cockroach bites you but does no damage.
Your quokka bites the giant cockroach.
Your quokka barely misses the giant cockroach.
You hit the giant cockroach.
You kill the giant cockroach!
The quokka bites you. The kobold completely misses you.
Your quokka barely misses the quokka.
Training target 2.0 for Spellcasting reached!
Your Spellcasting skill increases to level 2!
The kobold attacks as you move away! The kobold hits you with a +0 whip.
* * * LOW HITPOINT WARNING * * *
The quokka attacks as you move away! The quokka bites you.
You die...

.. ... # ... .#.# ##. .
#.# ##.... #.. ..
#.###...#.# #.# ...
#.##.? #.# #.##
#..####....# #.# #...
..#.......#.## #.# ##...
#.....!......###.###....
###.r@..##......##.#..
#....Krr#######....(#..
#..#....... .###.....#..
# #.K.>.............#..
......................
#...........##.#.......
#.#.........##.#....#..
..#.........#..#....###
#..#....#


You could see a quokka (ally target), 2 kobolds and 2 friendly quokkas.

Vanquished Creatures
  A bat (D:1)
  A giant cockroach (D:1)
2 creatures vanquished.

Vanquished Creatures (collateral kills)
  A quokka (D:1)
  A kobold (D:1)
2 creatures vanquished.

Grand Total: 4 creatures vanquished

Notes
Turn   | Place    | Note
-------+----------+-------------------------------------------
     0 | D:1      | ryw the Demigod Summoner began the quest for the Orb.
     0 | D:1      | Reached XP level 1. HP: 14/14 MP: 5/5
   123 | D:1      | Slain by a quokka

Illustrated notes

Levels and vault maps discovered:
D:1:      lemuel_arrival_lava_pool, layout_rooms

Skill      XL: |  1 |
---------------+----+-----
Spellcasting   | 2 |  2.0
Dodging        | |  1.7
Stealth        | |  1.7
Summonings     | |  3.7

Action                   || total
-------------------------++-------
Melee: Unarmed           ||    10
       Dagger            ||     4
 Cast: Summon Small Mamm ||     6
Armor: Robe              ||     7
Dodge: Dodged            ||    16

Table legend: (Time is in decaauts)
 A = Elapsed time spent in this place.
 B = Non-inter-level travel time spent in this place.
 C = Inter-level travel time spent in this place.
 D = Time resting spent in this place.
 E = Time spent auto-exploring this place.
 F = Levels seen in this place.
 G = Mean time per level.
                   A        B        C        D        E       F      G
               +--------+--------+--------+--------+--------+-----+--------+
         Total |    122 |    122 |      0 |      0 |     80 |   1 |  122.0 |
       Dungeon |    122 |    122 |      0 |      0 |     80 |   1 |  122.0 |
               +--------+--------+--------+--------+--------+-----+--------+

Top non-repeatable levels by time:
     D:1: 122 daAuts
